 Dungeon Crawl Stone Soup version 0.24.0-13-gcf9b319 (webtiles) character file.

Game seed: 11556650792030732361, levelgen mode: deterministic

49 CBukowski the Shooter (level 3, -1/29 HPs)
             Began as a Centaur Hunter on Nov 11, 2019.
             Slain by a goblin
             ... wielding a +2 dagger of electrocution
              (19 damage)
             ... on level 3 of the Dungeon.
             The game lasted 00:05:00 (1087 turns).

CBukowski the Shooter (Centaur Hunter)              Turns: 1087, Time: 00:05:09

Health: -1/29      AC:  4    Str: 14    XL:     3   Next: 51%
Magic:  3/3        EV:  9    Int: 10    God:
Gold:   31         SH:  0    Dex: 10    Spells: 2/2 levels left

rFire    . . .     SeeInvis .   a - +1 shortbow
rCold    . . .     Gourm    .   (shield currently unavailable)
rNeg     . . .     Faith    .   c - +0 leather armour
rPois    .         Spirit   .   (no helmet)
rElec    .         Reflect  .   (no cloak)
rCorr    .         Harm     .   (no gloves)
MR       .....                  (no barding)
Stlth    +.........             (no amulet)
HPRegen  0.09/turn              (no ring)
MPRegen  0.08/turn              (no ring)

@: very quick
A: large, hooves 3, deformed body, speed 2, tough skin 3
a: no special abilities


You were on level 3 of the Dungeon.
You were not hungry.

You visited 1 branch of the dungeon, and saw 3 of its levels.

You collected 31 gold pieces.

Inventory:

Hand Weapons
 a - a +1 shortbow (weapon)
 b - a +0 short sword
Armour
 c - a +0 leather armour (worn)
Scrolls
 e - a scroll of blinking {unknown}
 h - 2 scrolls of teleportation {unknown}
 j - a scroll of identify {unknown}
Potions
 i - a potion of lignification {unknown}
Comestibles
 f - 4 rations
 g - 2 chunks of flesh


   Skills:
 + Level 2.2 Fighting
 + Level 6.5 Bows
 + Level 0.4 Armour
 + Level 1.6 Dodging
 + Level 0.4 Stealth


You had 2 spell levels left.
You didn't know any spells.
Your spell library was empty.

Dungeon Overview and Level Annotations

Branches:
Dungeon (3/15)

Altars:
Cheibriados


Innate Abilities, Weirdness & Mutations

You have hooves in place of feet.
Armour fits poorly on your strangely shaped body.
You cover ground very quickly.
You have extremely tough skin. (AC +3)


Message History

Aim: a frilled lizard You shoot an arrow.
The arrow hits the frilled lizard!
You kill the frilled lizard!
The goblin hits you.
You clumsily bash the goblin but do no damage.
The goblin closely misses you.
An orc priest comes into view. It is wielding a +0 club.
The orc priest shouts!
You clumsily bash the goblin but do no damage.
Your kick misses the goblin. The goblin hits you.
The goblin hits you but does no damage.
You closely miss the goblin. The goblin hits you but does no damage.
An orc comes into view.
You clumsily bash the goblin but do no damage.
The goblin hits you.
An orc wizard comes into view. It is wielding a +0 dagger.
The goblin hits you with a +2 dagger of electrocution.
You are electrocuted!!
Ouch! That really hurt!
You die...

..##. .......
..#.# .≈≈≈≈≈.
##.... .≈≈≈≈≈.
##.....#.≈≈≈≈≈.
.........≈≈≈≈≈.
#.....(........
......(..≈≈≈≈..
#(...(g@(≈≈≈≈.≈
#...(..g.≈≈≈≈.≈
#....$...≈≈≈≈.≈
.......o.≈≈≈≈.≈
...............
##.......)..#..
#..)........ #
##...#.).o...


You could see an orc priest, an orc wizard (wandering) and 2 goblins.

Vanquished Creatures
  An adder (D:2)
  An ooze (D:3)
  A worm (D:2)
  A dart slug (D:2)
  2 leopard geckos
  An orc (D:3)
  3 giant cockroaches
  4 hobgoblins
  A kobold (D:2)
  A quokka (D:2)
  4 bats
  5 frilled lizards
  3 rats
28 creatures vanquished.

Notes
Turn   | Place    | Note
-------+----------+-------------------------------------------
     0 | D:1      | CBukowski the Centaur Hunter began the quest for the Orb.
     0 | D:1      | Reached XP level 1. HP: 17/17 MP: 1/1
   127 | D:1      | Reached XP level 2. HP: 24/24 MP: 2/2
   263 | D:2      | Reached skill level 6 in Bows
   400 | D:2      | Found a snail-covered altar of Cheibriados.
   722 | D:2      | Reached XP level 3. HP: 29/29 MP: 3/3
  1087 | D:3      | Slain by a goblin

Levels and vault maps discovered:
D:1:      dpeg_arrival_houses_and_road, layout_rooms, amethyst_killhole
D:2:      layout_loops_ring, lemuel_doored_altar, first_ration
D:3:      layout_rooms, lemuel_crystal_altar, chequers_ecumenical_altar_simple,
          minivault_14

Skill      XL: |  1  2 |
---------------+-------+-----
Bows           | 6 |  6.5
Fighting       | |  2.2
Armour         | |  0.4
Dodging        | |  1.6
Stealth        | |  0.4

Action                   || total
-------------------------++-------
Melee: Shortbow          ||     5
 Fire: Shortbow          ||    83
Armor: Leather armour    ||    17
Dodge: Dodged            ||    15
